[Event "ICC Open 2015"]
[Site "Internet Chess Club"]
[Date "2015.05.30"]
[Round "3"]
[White "JAscorpio"]
[Black "chiprodigy"]
[Result "1/2-1/2"]
[ICCResult "White stalemated"]
[WhiteElo "1181"]
[BlackElo "1654"]
[Opening "Queen's pawn: London system"]
[ECO "A45"]
[NIC "QP.07"]
[Time "14:27:55"]
[TimeControl "180+0"]

1. d4 Nf6 2. Bf4 Nh5 3. Nh3 Nxf4 4. Nxf4 g6 5. e3 Bg7 6. Bd3 O-O 7. Nd2 d6
8. Nf3 Nd7 9. Ng5 h6 10. h4 hxg5 11. hxg5 e5 12. Nh5 Qxg5 13. Qe2 exd4 14.
f4 Qe7 15. O-O-O Qxe3+ 16. Kb1 Qxe2 17. Bxe2 gxh5 18. Rxh5 Nf6 19. Rg5 Nh7
20. Rg3 Kh8 21. Bd3 f5 22. Rh1 Bd7 23. Rg6 Be8 24. Rg5 Kg8 25. Rxf5 Rxf5 26.
Bxf5 Nf6 27. Be6+ Bf7 28. f5 Bxe6 29. fxe6 Re8 30. Re1 Re7 31. Kc1 Nd5 32.
g3 c5 33. Kd2 Nc7 34. Kd3 Rxe6 35. Rxe6 Nxe6 36. c3 Kf7 37. cxd4 Nxd4 38. b3
Nf5 39. g4 Ne7 40. Kc4 b6 41. a3 a6 42. b4 d5+ 43. Kb3 c4+ 44. Ka4 d4 45. b5
a5 46. g5 d3 47. g6+ Kxg6 {White stalemated} 1/2-1/2

[Event "ICC Open 2015"]
[Site "Internet Chess Club"]
[Date "2015.05.30"]
[Round "3"]
[White "flinkfinger"]
[Black "la8pv"]
[Result "1-0"]
[ICCResult "Black forfeits on time"]
[WhiteElo "2340"]
[BlackElo "1828"]
[Opening "Queen's Indian: old main line, 7.Nc3"]
[ECO "E18"]
[NIC "QI.09"]
[Time "14:26:29"]
[TimeControl "180+0"]

1. c4 e6 2. Nf3 b6 3. g3 Bb7 4. Bg2 Be7 5. d4 Nf6 6. O-O O-O 7. Nc3 d6 8. d5
Nbd7 9. e4 e5 10. Bd2 a5 11. Ne1 Nc5 12. Qc2 Ne8 13. Nd3 Nxd3 14. Qxd3 Bc8
15. f4 f5 16. fxe5 fxe4 17. Rxf8+ Bxf8 18. Bxe4 dxe5 19. Bxh7+ Kh8 20. Be4
Nf6 21. Bg2 Bc5+ 22. Be3 Qe7 23. Ne4 Nxe4 24. Qxe4 Bb7 25. Rf1 Rf8 26. Rxf8+
Qxf8 27. Qxe5 Qf6 28. Qh5+ Kg8 29. Qe8+ Kh7 30. Qe4+ Kg8 31. Bxc5 bxc5 32.
Qe2 Qd4+ 33. Kh1 Ba6 34. b3 a4 35. h4 axb3 36. axb3 Qa1+ 37. Kh2 Qd4 38.
Qe8+ Kh7 39. Qe4+ Kg8 40. Qxd4 cxd4 41. Be4 Kf8 42. Kg2 Ke7 43. Kf3 Kd6 44.
Ke2 Ke5 45. Kd3 Bc8 46. Bf3 Bh3 47. b4 Bf1+ 48. Be2 Bg2 49. b5 Be4+ 50. Kd2
Kd6 51. Bd3 Bf3 52. Bf5 Kc5 53. Kd3 Bg2 54. Bg4 Bf1+ 55. Be2 Bg2 56. g4 Bh3
57. h5 Bg2 58. g5 Bh3 59. h6 Bf5+ 60. Kd2 gxh6 61. gxh6 Kd6 62. Bd3 Ke7 63.
Bxf5 Kf6 64. h7 c5 65. h8=Q+ Kg5 66. Qe8 Kf4 67. Bd3 Kf3 68. b6 Kg2 69. b7
{Black forfeits on time}
1-0

[Event "ICC Open 2015"]
[Site "Internet Chess Club"]
[Date "2015.05.30"]
[Round "3"]
[White "ILYMJPDL"]
[Black "putki"]
[Result "1-0"]
[ICCResult "Black resigns"]
[WhiteElo "1988"]
[BlackElo "1301"]
[Opening "Scandinavian defense"]
[ECO "B01"]
[NIC "SD.03"]
[Time "14:28:03"]
[TimeControl "180+0"]

1. e4 d5 2. exd5 Nf6 3. Bb5+ Bd7 4. Bxd7+ Nbxd7 5. c4 Nb6 6. d3 c6 7. dxc6
bxc6 8. Nf3 e5 9. O-O Bd6 10. Re1 O-O 11. Nc3 Re8 12. Be3 Qc7 13. c5 Rad8
14. cxb6 axb6 15. Qe2 b5 16. Rac1 Qb6 17. Bxb6 Rd7 18. Ne4 Rb7 19. Nxd6 Rbe7
20. Nxe8 Rxe8 21. Rxc6 Nd5 22. Qxe5 Rf8 23. Qxd5 h6 24. Qxb5 Kh7 25. Rc7 Rd8
{Black resigns}
1-0

[Event "ICC Open 2015"]
[Site "Internet Chess Club"]
[Date "2015.05.30"]
[Round "3"]
[White "gsvc"]
[Black "Bozhenka"]
[Result "1-0"]
[ICCResult "Black resigns"]
[WhiteElo "2652"]
[BlackElo "3076"]
[Opening "Sicilian, Chekhover variation"]
[ECO "B53"]
[NIC "SI.02"]
[Time "14:26:20"]
[TimeControl "180+0"]

1. e4 c5 2. Nf3 d6 3. d4 cxd4 4. Qxd4 Nf6 5. Bb5+ Nc6 6. Qd3 Nd7 7. O-O a6
8. Bxc6 bxc6 9. c4 e5 10. Be3 Be7 11. Nc3 O-O 12. b4 Bb7 13. Rab1 Nf6 14.
Rfd1 Qc7 15. h3 h6 16. a4 Rfd8 17. b5 axb5 18. axb5 c5 19. Ra1 Rdb8 20. Nd2
Qc8 21. f3 Nd7 22. Nd5 Bxd5 23. exd5 Nb6 24. f4 exf4 25. Bxf4 Qd7 26. g4 Bf6
27. Rxa8 Rxa8 28. Re1 Bd4+ 29. Kh1 Ra4 30. Bxd6 g6 31. Ne4 Kg7 32. Bxc5 Be5
33. Bxb6 Ra2 34. Bd4 Qe7 35. Nf2 f6 36. Bxe5 fxe5 37. Qe3 Qf6 38. Nd3 e4 39.
Nf4 Qb2 40. Ne6+ Kh7 41. Qg3 g5 42. Rf1 Kg6 43. d6 Qe2 44. Re1 Qd2 45. d7 e3
46. d8=Q {Black resigns} 1-0

[Event "ICC Open 2015"]
[Site "Internet Chess Club"]
[Date "2015.05.30"]
[Round "3"]
[White "sahilmd"]
[Black "JOHEL"]
[Result "1-0"]
[ICCResult "Black resigns"]
[WhiteElo "2079"]
[BlackElo "1609"]
[Opening "Catalan opening"]
[ECO "E00"]
[NIC "CA.01"]
[Time "14:27:38"]
[TimeControl "180+0"]

1. d4 Nf6 2. c4 e6 3. g3 b6 4. Bg2 d5 5. Nc3 Ba6 6. b3 Be7 7. Nf3 dxc4 8.
Ne5 Nd5 9. Nxd5 exd5 10. bxc4 f6 11. Bxd5 fxe5 12. Bxa8 Nd7 13. Bc6 Bxc4 14.
dxe5 Be6 15. O-O Bh3 16. Re1 O-O 17. Qd5+ Kh8 18. Rd1 Nxe5 19. Qxd8 Bxd8 20.
Ba3 Rg8 21. Bd5 Re8 22. f4 Ng4 23. Bf7 Bf6 24. Bxe8 Bxa1 25. Rxa1 h6 26. Rd1
Nf6 27. Bg6 {Black resigns} 1-0

[Event "ICC Open 2015"]
[Site "Internet Chess Club"]
[Date "2015.05.30"]
[Round "3"]
[White "PCC"]
[Black "Chaos23"]
[Result "1-0"]
[ICCResult "Black checkmated"]
[WhiteElo "1959"]
[BlackElo "2022"]
[Opening "Queen's gambit declined"]
[ECO "D30"]
[NIC "QP.08"]
[Time "14:26:47"]
[TimeControl "180+0"]

1. d4 d5 2. c4 e6 3. Nf3 Be7 4. Nc3 Nf6 5. Bg5 c6 6. e3 h6 7. Bh4 O-O 8. Bd3
dxc4 9. Bxc4 b5 10. Bd3 b4 11. Bxf6 Bxf6 12. Ne4 Be7 13. O-O Nd7 14. Rc1 Qb6
15. Bb1 Bb7 16. Nc5 Nf6 17. Qc2 Rac8 18. Nd7 g6 19. Nxb6 axb6 20. Rfd1 c5
21. Qe2 Rc7 22. dxc5 bxc5 23. Ne5 Rfc8 24. b3 Nd5 25. Qg4 Bf6 26. Nxf7 Rxf7
27. Qxe6 Nc7 28. Qb6 Ne8 29. Bxg6 Rf8 30. Bxe8 Rcxe8 31. Qxb7 Rf7 32. Rd7
Ree7 33. Rxe7 Rxe7 34. Qd5+ Kg7 35. g3 Ra7 36. Rc4 Rxa2 37. Rg4+ Kf8 38. Qe6
Bg7 39. Rf4+ Bf6 40. Rxf6+ Kg7 41. Qf7+ Kh8 42. Rxh6# {Black checkmated} 1-0

[Event "ICC Open 2015"]
[Site "Internet Chess Club"]
[Date "2015.05.30"]
[Round "3"]
[White "Schack"]
[Black "Agenda"]
[Result "1-0"]
[ICCResult "Black forfeits on time"]
[WhiteElo "1637"]
[BlackElo "1242"]
[Opening "Sicilian: closed"]
[ECO "B23"]
[NIC "SI.44"]
[Time "14:26:36"]
[TimeControl "180+0"]

1. e4 c5 2. Nc3 d6 3. g3 Nf6 4. Bg2 Nc6 5. d3 e6 6. Be3 Be7 7. Qd2 O-O 8.
Nh3 e5 9. O-O Ng4 10. Rae1 f5 11. Bg5 fxe4 12. Bxe7 Qxe7 13. Nd5 Qf7 14.
Rxe4 Nxh2 15. Kxh2 Bxh3 16. Bxh3 Qxd5 17. Rh4 Rf6 18. Bg2 Qf7 19. c4 Nd4 20.
f4 Nf5 21. Bd5 Nxh4 22. Bxf7+ Kxf7 23. gxh4 Rf8 24. Qe2 Kg8 25. Qg4 exf4 26.
Rxf4 Rxf4 27. Qe6+ Kh8 28. Qxd6 Rf2+ 29. Kh3 {Black forfeits on time} 1-0

[Event "ICC Open 2015"]
[Site "Internet Chess Club"]
[Date "2015.05.30"]
[Round "3"]
[White "Knight83"]
[Black "BennieHill"]
[Result "1-0"]
[ICCResult "Black forfeits on time"]
[WhiteElo "1249"]
[BlackElo "1191"]
[Opening "Vienna game"]
[ECO "C25"]
[NIC "VG.04"]
[Time "14:26:15"]
[TimeControl "180+0"]

1. e4 e5 2. Nc3 d6 3. g3 Nf6 4. Bg2 c6 5. d3 h6 6. Nge2 Be7 7. O-O Bd7 8. h3
Qc8 9. Kh2 Ng4+ 10. hxg4 Bxg4 11. f3 Bh5 12. Be3 O-O 13. Qd2 Nd7 14. Bxh6
gxh6 15. Qxh6 Bg6 16. Bh3 Qd8 17. f4 Nf6 18. f5 Bh7 19. g4 Kh8 20. Rg1 Ng8
21. Qe3 Bg5 22. Qf3 Qf6 23. Raf1 Qh6 24. Kg2 Nf6 25. Rh1 Bh4 26. Ng3 Qf4 27.
Qxf4 exf4 28. Rxf4 Bg5 29. Rf3 d5 30. exd5 cxd5 31. Rhf1 Rae8 32. Nge2 Re3
33. Rxe3 Bxe3 34. Nf4 Bd2 35. Ncxd5 Bxf4 36. Nxf4 Re8 37. Rf2 Re3 38. Re2
Rxe2+ 39. Nxe2 Nd5 40. Nc3 Nb4 41. Ne4 Kg7 42. Nd6 Nxc2 43. Nxb7 Nb4 44. Nc5
Nxa2 45. d4 Nb4 46. Kf3 Bg8 47. Ke4 f6 48. Bf1 Nd5 49. Bc4 Nb6 50. Bxg8 Kxg8
51. Ne6 Kf7 52. d5 Ke7 53. Nc5 Kd6 54. Nd3 Nxd5 55. Nf4 Nb4 56. Nh5 Ke7 57.
Kf4 Kf7 58. g5 Nd3+ 59. Kg4 fxg5 60. Kxg5 Ne5 61. Ng3 Nd7 62. Kf4 Nc5 63.
Nh5 Nd3+ 64. Ke3 Nxb2 65. Kd2 {Black forfeits on time} 1-0

[Event "ICC Open 2015"]
[Site "Internet Chess Club"]
[Date "2015.05.30"]
[Round "3"]
[White "Chisel"]
[Black "jewels2"]
[Result "1-0"]
[ICCResult "Black resigns"]
[WhiteElo "1755"]
[BlackElo "1322"]
[Opening "Vienna game"]
[ECO "C28"]
[NIC "VG.02"]
[Time "14:27:41"]
[TimeControl "180+0"]

1. e4 e5 2. Nc3 Nf6 3. Bc4 Nc6 4. d3 Na5 5. Nf3 Nxc4 6. dxc4 Bb4 7. Qd3 d6
8. Bg5 b6 9. O-O Bb7 10. Nd5 h6 11. Bxf6 gxf6 12. Nxb4 Rg8 13. Nh4 f5 14.
Nxf5 Qg5 15. g3 h5 16. Nd5 O-O-O 17. Nde7+ Kb8 18. Nxg8 Rxg8 19. a4 Qg4 20.
Nh6 Bxe4 21. Nxg4 Bxd3 22. cxd3 hxg4 23. f4 f6 24. fxe5 fxe5 25. Rf7 Kb7 26.
Raf1 Kc6 27. b4 a6 28. Re7 b5 29. a5 bxc4 30. dxc4 d5 31. Rf6+ Kb7 32. cxd5
Rd8 33. d6 Rxd6 34. Rxd6 e4 35. Rdd7 Kc6 36. Rxc7+ Kb5 37. Rxe4 {Black
resigns} 1-0

[Event "ICC Open 2015"]
[Site "Internet Chess Club"]
[Date "2015.05.30"]
[Round "3"]
[White "LordKinbote"]
[Black "nadalthegreat"]
[Result "0-1"]
[ICCResult "White forfeits on time"]
[WhiteElo "1392"]
[BlackElo "1717"]
[Opening "Scotch gambit: Dubois-Réti defense"]
[ECO "C55"]
[NIC "KP.02"]
[Time "14:26:17"]
[TimeControl "180+0"]

1. e4 e5 2. Nf3 Nc6 3. d4 exd4 4. Bc4 Nf6 5. e5 d5 6. Bb5 Ne4 7. Nxd4 Bd7 8.
Bxc6 bxc6 9. O-O Bc5 10. Be3 O-O 11. Nd2 Nxd2 12. Qxd2 Qe7 13. a3 Qxe5 14.
b4 Bb6 15. c3 f5 16. f4 Qe4 17. Rae1 Qe7 18. Nf3 Bxe3+ 19. Rxe3 Qf6 20. Rfe1
Rad8 21. R1e2 Qh6 22. Ng5 Qf6 23. Qe1 h6 24. Ne6 Bxe6 25. Rxe6 Qf7 26. Re7
Qg6 27. Rxc7 Kh7 28. Rxa7 Rg8 29. Re6 Qg4 30. g3 Qf3 31. Re3 Qg4 32. Ree7
Qg6 33. Qe3 Rde8 34. Qc5 Rxe7 35. Rxe7 Qf6 36. Re5 Rf8 37. Qb6 Qf7 38. a4
Qf6 39. a5 Qf7 40. a6 Qf6 41. a7 Qf7 42. a8=Q Qf6 43. Qxf8 Qxf8 44. Qxc6 Qf6
{White forfeits on time}
0-1

[Event "ICC Open 2015"]
[Site "Internet Chess Club"]
[Date "2015.05.30"]
[Round "3"]
[White "ClockWatcher"]
[Black "Parsifal"]
[Result "0-1"]
[ICCResult "White checkmated"]
[WhiteElo "1845"]
[BlackElo "2411"]
[Opening "King's pawn opening"]
[ECO "B07"]
[NIC "VO.17"]
[Time "14:27:15"]
[TimeControl "180+0"]

1. e4 d6 2. Nf3 g6 3. h4 Nf6 4. Nc3 c5 5. Be2 Nc6 6. d4 cxd4 7. Nxd4 h6 8.
Be3 Bg7 9. f3 Bd7 10. Qd2 Rc8 11. a3 Ne5 12. O-O-O h5 13. Kb1 Nc4 14. Bxc4
Rxc4 15. Nd5 Nxd5 16. exd5 Qc7 17. Qd3 Bxd4 18. Bxd4 Bf5 19. Qe3 Bxc2+ 20.
Ka1 Bxd1 21. Rxd1 O-O 22. Bc3 Rc8 23. Rd3 Qd7 24. Qxa7 Rxh4 25. Qe3 Rh1+ 26.
Ka2 Qb5 27. Rd4 Qd7 28. Qh6 Rxc3 29. bxc3 Qb5 30. Rb4 Qe2+ 31. Kb3 Rb1+ 32.
Ka4 Qa6# {White checkmated} 0-1

[Event "ICC Open 2015"]
[Site "Internet Chess Club"]
[Date "2015.05.30"]
[Round "3"]
[White "noyb"]
[Black "pasco84"]
[Result "1-0"]
[ICCResult "Black checkmated"]
[WhiteElo "1985"]
[BlackElo "1461"]
[Opening "QGD Slav: exchange variation"]
[ECO "D13"]
[NIC "SL.02"]
[Time "14:27:06"]
[TimeControl "180+0"]

1. d4 Nf6 2. Nf3 c5 3. c3 cxd4 4. cxd4 d5 5. Nc3 Nc6 6. Bf4 g6 7. e3 Bg7 8.
Bd3 Bf5 9. O-O O-O 10. Rc1 Rc8 11. a3 Bxd3 12. Qxd3 Nh5 13. Bg3 Nxg3 14.
hxg3 Qd6 15. Rfd1 Rfe8 16. b4 a6 17. Na4 b5 18. Nc5 e5 19. dxe5 Nxe5 20.
Qxd5 Nxf3+ 21. gxf3 Qxd5 22. Rxd5 Bb2 23. Rcd1 Bxa3 24. Nxa6 Rc6 25. Nc5
Bxb4 26. Ne4 f5 27. Ng5 Be7 28. Nh3 b4 29. Rb5 Kf7 30. Nf4 Rc3 31. Rb1 Rd8
32. Nd5 Rxd5 33. Rxd5 Ke6 34. Rb5 Rc2 35. Kg2 h5 36. Rb6+ Kf7 37. Rb7 Kf6
38. Ra1 Bc5 39. Kf1 b3 40. Rxb3 h4 41. gxh4 f4 42. Ra6+ Kf5 43. Rb5 fxe3 44.
Raa5 Rxf2+ 45. Ke1 Kf4 46. Rxc5 Kxf3 47. Rc6 Re2+ 48. Kf1 Rf2+ 49. Kg1 Rg2+
50. Kh1 Rg4 51. Rf6+ Ke2 52. Ra2+ Ke1 53. Rb6 e2 54. Re6 Rxh4+ 55. Kg2 Rg4+
56. Kf3 Rg5 57. Rexe2+ Kf1 58. Ra1# {Black checkmated} 1-0

[Event "ICC Open 2015"]
[Site "Internet Chess Club"]
[Date "2015.05.30"]
[Round "3"]
[White "zelog"]
[Black "boveymvp"]
[Result "1-0"]
[ICCResult "Black checkmated"]
[WhiteElo "2068"]
[BlackElo "1581"]
[Opening "English, 1...Nf6 (Anglo-Indian defense)"]
[ECO "A13"]
[NIC "RE.11"]
[Time "14:26:37"]
[TimeControl "180+0"]

1. c4 Nf6 2. g3 e6 3. Bg2 d5 4. Nf3 c5 5. O-O Nc6 6. b3 Be7 7. Bb2 O-O 8.
Qc2 b6 9. e3 Bb7 10. Rd1 dxc4 11. Qxc4 Na5 12. Qe2 Qc8 13. Nc3 Ba6 14. Qe1
Rb8 15. Rac1 Rd8 16. d4 c4 17. Ne2 Qd7 18. Ne5 Qe8 19. b4 Nb7 20. Nc6 Rbc8
21. Nxd8 Qxd8 22. Bc3 Nd6 23. a3 Bb5 24. Rd2 a6 25. Ra2 Nde4 26. f3 Nd6 27.
e4 Nd7 28. Kh1 Bc6 29. Nf4 b5 30. Rd1 Nb6 31. Rad2 Bb7 32. h4 Qc7 33. Kh2
Ne8 34. Qf2 Bf6 35. Nh5 Be7 36. Nf4 Na4 37. Ne2 Bf6 38. e5 Be7 39. f4 Bxg2
40. Qxg2 Qb6 41. d5 exd5 42. Rxd5 Nc7 43. Rd7 Bf8 44. Rd8 Rxd8 45. Rxd8 Ne6
46. Rc8 g6 47. Rc6 Qe3 48. Be1 h5 49. Rc8 Kg7 50. Ng1 c3 51. Bf2 Qd3 52. Nf3
c2 53. Ne1 Qd1 54. Nxc2 Be7 55. Ne3 Qd2 56. Nd5 Bxh4 57. gxh4 Qd3 58. Nf6
Qxa3 59. Rg8+ Kh6 60. Qg5+ Nxg5 61. fxg5# {Black checkmated} 1-0

[Event "ICC Open 2015"]
[Site "Internet Chess Club"]
[Date "2015.05.30"]
[Round "3"]
[White "ultramagic1"]
[Black "Satyricon"]
[Result "0-1"]
[ICCResult "White checkmated"]
[WhiteElo "1767"]
[BlackElo "2246"]
[Opening "Sicilian: Canal-Sokolsky (Nimzovich-Rossolimo, Moscow) attack"]
[ECO "B51"]
[NIC "SI.01"]
[Time "14:27:34"]
[TimeControl "180+0"]

1. e4 c5 2. Nf3 d6 3. Bb5+ Nd7 4. d4 cxd4 5. Qxd4 a6 6. Bxd7+ Bxd7 7. c4 e5
8. Qd3 b5 9. Nc3 bxc4 10. Qxc4 Be6 11. Qd3 Nf6 12. h3 h6 13. Be3 Be7 14. O-O
O-O 15. Rac1 Qa5 16. a3 Rfd8 17. Rfd1 Rac8 18. Nd5 Nxd5 19. Rxc8 Rxc8 20.
exd5 Bd7 21. b4 Qb5 22. Qxb5 Bxb5 23. Rc1 Rxc1+ 24. Bxc1 Bc4 25. Nd2 Bxd5
26. Kf1 Kf8 27. Ke1 Ke8 28. Nf3 Bxf3 29. gxf3 d5 30. Ke2 Kd7 31. Kd3 Kc6 32.
Kc3 a5 33. Kb3 axb4 34. axb4 Kb5 35. Bd2 f5 36. Be1 Bd6 37. Bd2 g5 38. Be1
Bc7 39. Bd2 Bb6 40. Be1 Bd4 41. Kc2 Kc4 42. Kd1 Bb6 43. Kc2 Bc7 44. Bd2 Bd6
45. Be1 Bxb4 46. Bxb4 Kxb4 47. Kd3 Kc5 48. Kc3 d4+ 49. Kd3 Kd5 50. Kd2 e4
51. Kc2 Ke5 52. fxe4 fxe4 53. Kd2 Kf4 54. Ke2 d3+ 55. Kf1 Kf3 56. Kg1 d2 57.
Kh2 d1=Q 58. h4 Qf1 59. hxg5 Qg2# {White checkmated} 0-1

[Event "ICC Open 2015"]
[Site "Internet Chess Club"]
[Date "2015.05.30"]
[Round "3"]
[White "pawnographer"]
[Black "DropZone"]
[Result "0-1"]
[ICCResult "White checkmated"]
[WhiteElo "1576"]
[BlackElo "2102"]
[Opening "Old Benoni defense"]
[ECO "A56"]
[NIC "BI.38"]
[Time "14:27:10"]
[TimeControl "180+0"]

1. d4 c5 2. d5 Nf6 3. c4 g6 4. Nc3 d6 5. Nf3 Bg7 6. Bf4 O-O 7. h3 Na6 8. e3
Nc7 9. Bd3 a6 10. a4 b6 11. O-O Rb8 12. Re1 Bd7 13. Nd2 b5 14. axb5 axb5 15.
cxb5 Ncxd5 16. Nxd5 Nxd5 17. Bg3 Bxb5 18. Bxb5 Rxb5 19. e4 Nb4 20. Nc4 Nc6
21. Ra6 Nd4 22. Qa4 Rb4 23. Qa2 Qc8 24. Ra1 Qe6 25. Ne3 Rxb2 26. Qa5 Ne2+
27. Kh2 Nxg3 28. fxg3 Qxe4 29. Ra3 Bd4 30. Nd1 Qxg2# {White checkmated} 0-1

[Event "ICC Open 2015"]
[Site "Internet Chess Club"]
[Date "2015.05.30"]
[Round "3"]
[White "Ira57"]
[Black "kaspinha"]
[Result "0-1"]
[ICCResult "White forfeits on time"]
[WhiteElo "1951"]
[BlackElo "2346"]
[Opening "Queen's pawn game"]
[ECO "A46"]
[NIC "QP.06"]
[Time "14:26:32"]
[TimeControl "180+0"]

1. d4 Nf6 2. Nf3 c5 3. e3 g6 4. b3 Bg7 5. Bb2 d5 6. Nbd2 Ne4 7. Bd3 f5 8.
O-O Nc6 9. a3 Qa5 10. Qe1 Nxd2 11. Qxd2 Qxd2 12. Nxd2 cxd4 13. Bb5 Kf7 14.
Bxc6 bxc6 15. Bxd4 e5 16. Bb2 c5 17. Nf3 Re8 18. Rfd1 Bb7 19. Rd2 a5 20. a4
h6 21. Rad1 d4 22. Ne1 Ba6 23. c3 dxe3 24. fxe3 e4 25. c4 Bxb2 26. Rxb2 Red8
27. Rbd2 Rxd2 28. Rxd2 Rb8 29. Rd5 Rxb3 30. Rxc5 Rxe3 31. Kf2 Rc3 32. Rxa5
Bxc4 33. Rc5 e3+ 34. Kg3 g5 35. Rxf5+ Kg6 36. Rc5 Rc1 {White forfeits on
time} 0-1

[Event "ICC Open 2015"]
[Site "Internet Chess Club"]
[Date "2015.05.30"]
[Round "3"]
[White "ivancele"]
[Black "bennywins"]
[Result "1-0"]
[ICCResult "Black checkmated"]
[WhiteElo "1664"]
[BlackElo "1175"]
[Opening "Old Benoni defense"]
[ECO "A56"]
[NIC "BI.38"]
[Time "14:27:27"]
[TimeControl "180+0"]

1. d4 c5 2. d5 Nf6 3. c4 g6 4. Nc3 Bg7 5. e4 O-O 6. e5 Ne8 7. f4 d6 8. Nf3
dxe5 9. fxe5 f6 10. e6 a6 11. a4 Nd6 12. Be3 f5 13. Bxc5 Qa5 14. Bd4 Bxd4
15. Nxd4 Ne4 16. Qc2 f4 17. Qxe4 f3 18. Nxf3 Qc5 19. Be2 g5 20. h3 b5 21.
axb5 Bb7 22. Bd3 Rd8 23. Qxh7+ Kf8 24. Qf7# {Black checkmated} 1-0

[Event "ICC Open 2015"]
[Site "Internet Chess Club"]
[Date "2015.05.30"]
[Round "3"]
[White "burbur"]
[Black "EREBUNI"]
[Result "0-1"]
[ICCResult "White resigns"]
[WhiteElo "2560"]
[BlackElo "3060"]
[Opening "Queen's Indian: old main line, 7.Nc3"]
[ECO "E18"]
[NIC "QI.09"]
[Time "14:27:15"]
[TimeControl "180+0"]

1. d4 Nf6 2. Nf3 b6 3. g3 Bb7 4. Bg2 e6 5. O-O Be7 6. c4 O-O 7. Nc3 d5 8.
cxd5 Nxd5 9. Nxd5 Bxd5 10. Qc2 f5 11. Bf4 Nc6 12. e3 Bd6 13. Ne5 Bxe5 14.
Bxe5 Bxg2 15. Kxg2 Qd5+ 16. Kg1 Nxe5 17. dxe5 Qxe5 18. Rfd1 Rad8 19. Qc6 h6
20. b3 Rd6 21. Qc2 Rfd8 22. Rac1 c5 23. Rxd6 Qxd6 24. Qc4 Kf7 25. h4 Qd2 26.
Qc2 Qxc2 27. Rxc2 Rd1+ 28. Kg2 Kf6 29. Kf3 g5 30. hxg5+ hxg5 31. g4 Ke5 32.
gxf5 exf5 33. Ke2 Ra1 34. Kf3 g4+ 35. Ke2 a6 36. Rd2 Rc1 37. Kd3 b5 38. Rb2
c4+ 39. bxc4 Rxc4 40. Rb3 Kd5 41. Ra3 Ra4 42. Rxa4 bxa4 43. a3 Ke5 44. Kd2
Ke4 45. Ke2 a5 46. Kd2 Kf3 47. Ke1 g3 {White resigns} 0-1

[Event "ICC Open 2015"]
[Site "Internet Chess Club"]
[Date "2015.05.30"]
[Round "3"]
[White "sonovkong"]
[Black "Ancient"]
[Result "0-1"]
[ICCResult "White resigns"]
[WhiteElo "1586"]
[BlackElo "2109"]
[Opening "French: Tarrasch, Guimard variation"]
[ECO "C04"]
[NIC "FR.15"]
[Time "14:26:28"]
[TimeControl "180+0"]

1. e4 e6 2. d4 d5 3. Nd2 Nc6 4. c3 e5 5. exd5 Qxd5 6. dxe5 Nxe5 7. Ngf3 Nd3+
8. Bxd3 Qxd3 9. Qe2+ Qxe2+ 10. Kxe2 Bd7 11. Re1 O-O-O 12. Kf1 f6 13. Ne4 b6
14. Bf4 Ne7 15. Rad1 Ng6 16. Bg3 Be7 17. h3 h5 18. Nh4 Nxh4 19. Bxh4 Rhe8
20. Nd2 g5 21. Bg3 h4 22. Bh2 f5 23. Be5 g4 24. Bf4 gxh3 25. gxh3 Bb5+ 26.
c4 Bc6 27. Nb3 Bb4 28. Rxe8 Rxe8 29. Bd2 Rd8 30. Ke2 Bxd2 31. Rxd2 Re8+ 32.
Kf1 Rg8 33. Nd4 Bg2+ 34. Ke2 Bxh3 35. Kf3 Bg4+ 36. Kf4 Bh3 37. Re2 Rg4+ 38.
Ke5 c5 39. Nxf5 Rg5 40. f4 Rxf5+ 41. Ke6 Rxf4+ 42. Ke7 Rxc4 43. Rd2 Kc7 44.
Kf6 Bd7 45. Kg5 h3 46. Rh2 Rg4+ 47. Kf6 Rg2 48. Rxh3 Bxh3 49. Ke5 Rxb2
{White resigns}
0-1

[Event "ICC Open 2015"]
[Site "Internet Chess Club"]
[Date "2015.05.30"]
[Round "3"]
[White "SCORPION83"]
[Black "Adonis"]
[Result "1/2-1/2"]
[ICCResult "Game drawn by repetition"]
[WhiteElo "3078"]
[BlackElo "2633"]
[Opening "Bogo-Indian defense, Grünfeld variation"]
[ECO "E11"]
[NIC "QI.01"]
[Time "14:26:14"]
[TimeControl "180+0"]

1. d4 Nf6 2. c4 e6 3. Nf3 Bb4+ 4. Nbd2 d5 5. a3 Be7 6. e3 O-O 7. b4 a5 8. b5
c5 9. bxc6 bxc6 10. Bd3 Ba6 11. O-O c5 12. Bb2 Nc6 13. Rc1 cxd4 14. Nxd4
Nxd4 15. exd4 Rb8 16. Rc2 dxc4 17. Nxc4 a4 18. Ne5 Bxd3 19. Qxd3 Rb3 20. Qc4
Qa8 21. Ra1 Bd6 22. h3 Nd5 23. Bc1 Rfb8 24. Nd7 Rd8 25. Nc5 Rc8 26. Bd2 Rb6
27. Bb4 Nxb4 28. axb4 a3 29. Rca2 Qd5 30. Qxd5 exd5 31. Rxa3 Rxb4 32. Ra8
Rbb8 33. Rxb8 Rxb8 34. g3 g6 35. Nd7 Rb4 36. Nf6+ Kf8 37. Ra8+ Ke7 38. Nxd5+
Ke6 39. Ne3 Rxd4 40. Kg2 Rd2 41. Ra6 Kd7 42. Nc4 Rd4 43. Nxd6 Rxd6 44. Rxd6+
Kxd6 45. Kf3 Ke5 46. Ke3 h5 47. f4+ Kf5 48. Kf3 f6 49. g4+ hxg4+ 50. hxg4+
Ke6 51. Ke4 f5+ 52. gxf5+ gxf5+ 53. Kd4 Kd6 54. Kc4 Kc6 55. Kd4 Kd6 56. Kc4
Kc6 57. Kd4 Kd6 {Game drawn by repetition} 1/2-1/2

[Event "ICC Open 2015"]
[Site "Internet Chess Club"]
[Date "2015.05.30"]
[Round "3"]
[White "Andrei21"]
[Black "waynerooney"]
[Result "1-0"]
[ICCResult "Black resigns"]
[WhiteElo "2895"]
[BlackElo "1972"]
[Opening "Ruy Lopez: closed, Averbach variation"]
[ECO "C79"]
[NIC "RL.16"]
[Time "14:26:57"]
[TimeControl "180+0"]

1. e4 e5 2. Nf3 Nc6 3. Bb5 a6 4. Ba4 Nf6 5. O-O d6 6. Re1 Be7 7. c3 O-O 8.
d4 b5 9. Bc2 Bb7 10. h3 Re8 11. Nbd2 Bf8 12. Nf1 Na5 13. Ng3 c5 14. d5 Bc8
15. b3 c4 16. b4 Nb7 17. a4 Bd7 18. Be3 g6 19. Qd2 Bg7 20. Ra2 Rf8 21. Rea1
Rb8 22. axb5 axb5 23. Ra7 Qc7 24. R1a2 Ne8 25. Bg5 f6 26. Bh6 f5 27. exf5
Bxh6 28. Qxh6 gxf5 29. Nh5 Bc8 30. Ng5 Qe7 31. g4 Nf6 32. f3 Nxh5 33. Qxh5
e4 34. gxf5 Bxf5 35. Bxe4 Bxe4 36. fxe4 Rf4 37. Rg2 Kh8 38. Ne6 Rf7 39. Raa2
Rbf8 40. Nxf8 Rxf8 41. Raf2 Ra8 42. Rf7 {Black resigns} 1-0

[Event "ICC Open 2015"]
[Site "Internet Chess Club"]
[Date "2015.05.30"]
[Round "3"]
[White "OptimusMagister"]
[Black "fredericton"]
[Result "1-0"]
[ICCResult "Black checkmated"]
[WhiteElo "2274"]
[BlackElo "1784"]
[Opening "Robatsch defense: Pseudo-Austrian attack"]
[ECO "A00"]
[NIC "PU.05"]
[Time "14:26:23"]
[TimeControl "180+0"]

1. Nc3 g6 2. d4 Bg7 3. e4 d6 4. f4 Nf6 5. e5 dxe5 6. dxe5 Qxd1+ 7. Kxd1 Ng4
8. Nd5 O-O 9. Ke1 Nc6 10. c3 Bf5 11. Nf3 Rad8 12. Ne3 Nxe3 13. Bxe3 Rd7 14.
Be2 Rfd8 15. Kf2 a6 16. Rhd1 Rxd1 17. Rxd1 Rxd1 18. Bxd1 Kf8 19. Bb3 h6 20.
Bd5 Nd8 21. Nd4 Bd3 22. Nb3 c6 23. Bf3 Ke8 24. Na5 f6 25. exf6 Bxf6 26. Bb6
e5 27. Bxd8 Kxd8 28. Nxb7+ Kc7 29. Nc5 Bb1 30. Nxa6+ Kb6 31. Nb4 exf4 32.
Bxc6 Bxa2 33. Nd5+ Bxd5 34. Bxd5 Kc5 35. Be4 g5 36. Ke2 h5 37. Kd3 Be5 38.
h3 Kd6 39. Bf3 h4 40. b4 Kc7 41. c4 Kb6 42. Kc2 Bd4 43. Kb3 Be3 44. c5+ Bxc5
45. bxc5+ Kxc5 46. Kc3 Kd6 47. Kd4 Ke6 48. Ke4 Kf6 49. Bg4 Kg6 50. Ke5 Kg7
51. Kf5 Kh6 52. Kf6 Kh7 53. Kxg5 Kg7 54. Kxf4 Kh6 55. Kf5 Kh7 56. Kg5 Kh8
57. Kxh4 Kh7 58. Kg5 Kh8 59. h4 Kh7 60. Bf5+ Kg7 61. g4 Kh8 62. Kf6 Kg8 63.
g5 Kh8 64. g6 Kg8 65. Be6+ Kh8 66. g7+ Kh7 67. g8=Q+ Kh6 68. Qg6#
{Black checkmated}
1-0